| TOP OF THE 1ST |
|
Oklahoma State University Cowboys batting - Pitching for Washington State University Cougars : RHP Tony Ferreira
|
|
Pitching: RHP Tony Ferreira
|
|
|
Batting: RHB Josh Hopp
|
0-0: Called Strike 0-1: Foul Ball, location: 2F 0-2: Ball 1-2: Ground out 4-3 (Groundball, 4, EV 89.4 MPH)
|
|
Batting: RHB Robbie Gomez
|
0-0: Called Strike 0-1: Foul Ball, location: 2F 0-2: Fly out, F6 (Popup, 6, EV 50.6 MPH)
|
|
Batting: RHB Kinzo Yokoyama
|
0-0: Ball 1-0: Called Strike 1-1: Swinging Strike 1-2: Ball 2-2: Foul Ball, location: 2F 2-2: Foul Ball, location: 2F 2-2: Ball 3-2: Base on Balls
|
|
Batting: LHB Ian Cranton
|
0-0: Called Strike 0-1: Foul Ball, location: 2F 0-2: Ball 1-2: Ball 2-2: Ball 3-2: Base on Balls Kinzo Yokoyama to second
|
|
Batting: RHB Wiliama Dana
|
0-0: Fielders Choice at 2nd, 6-4 (Groundball, 6, EV 88.8 MPH)
|
| Top of the 1st over - 0 runs, 0 hits, 0 errors, 2 left on base; Oklahoma State University 0 - Washington State University 0 |
| BOTTOM OF THE 1ST |
|
Washington State University Cougars batting - Pitching for Oklahoma State University Cowboys : RHP Katsunari Hayase
|
|
Pitching: RHP Katsunari Hayase
|
|
|
Batting: RHB Gebre-Giorgios Wangondu
|
0-0: Ball 1-0: Ball 2-0: Called Strike 2-1: Ground out 4-3 (Groundball, 4S, EV 88.8 MPH)
|
|
Batting: RHB Makoto Narita
|
0-0: Ball 1-0: Fly out, F6 (Popup, 6M, EV 61.9 MPH)
|
|
Batting: SHB Salvador Padilla
|
0-0: Ball 1-0: Foul Ball, location: 2F 1-1: SINGLE (Groundball, 34D, EV 95.6 MPH)
|
|
Batting: LHB Josh Aerni
|
0-0: Fly out, F8 (Line Drive, 8RM, EV 93.8 MPH)
|
| Bottom of the 1st over - 0 runs, 1 hit, 0 errors, 1 left on base; Oklahoma State University 0 - Washington State University 0 |
| TOP OF THE 2ND |
|
Oklahoma State University Cowboys batting - Pitching for Washington State University Cougars : RHP Tony Ferreira
|
|
Batting: LHB Orlando Rivera
|
0-0: Called Strike 0-1: Reached on error, E2 (Groundball, 2R, EV 68.8 MPH)
|
|
Batting: RHB Steve Hutchins
|
0-0: Ball 1-0: Called Strike 1-1: Foul Ball, location: 2F 1-2: Ball 2-2: Fly out, F9 (Flyball, 9, EV 79.4 MPH)
|
|
Batting: SHB Chris Wagler
|
0-0: Called Strike 0-1: Swinging Strike 0-2: Ball 1-2: Ground out 4-3 (Groundball, 4, EV 85.6 MPH) Orlando Rivera to third
|
|
Batting: SHB Tyler Maddux
|
0-0: Fly out, F8 (Line Drive, 8LM, EV 98.1 MPH)
|
| Top of the 2nd over - 0 runs, 0 hits, 1 error, 1 left on base; Oklahoma State University 0 - Washington State University 0 |
| BOTTOM OF THE 2ND |
|
Washington State University Cougars batting - Pitching for Oklahoma State University Cowboys : RHP Katsunari Hayase
|
|
Batting: RHB Melvin Durland
|
0-0: Ball 1-0: Ball 2-0: Ball 3-0: Base on Balls
|
|
Pitching: LHP Adam Clarke
|
|
|
Batting: RHB Alex Koral
|
0-0: Called Strike 0-1: Fielders Choice at 2nd, 5-4 (Groundball, 56, EV 108.1 MPH)
|
|
Batting: SHB Steve DeRienzo
|
0-0: SINGLE (Line Drive, 9S, EV 94.4 MPH) Alex Koral to second Runner from 2nd tries for 3rd, SAFE, throw by RF made to third
|
|
Batting: RHB Johnny Lowe
|
0-0: Fielders Choice at 2nd, 4-6 (Groundball, 4, EV 79.4 MPH) Alex Koral scores
|
|
Batting: RHB Connell Boyle Jr.
|
0-0: Called Strike 0-1: Ball 1-1: Swinging Strike 1-2: Ground out 4-3 (Groundball, 34, EV 87.5 MPH)
|
| Bottom of the 2nd over - 1 run, 1 hit, 0 errors, 1 left on base; Oklahoma State University 0 - Washington State University 1 |
| TOP OF THE 3RD |
|
Oklahoma State University Cowboys batting - Pitching for Washington State University Cougars : RHP Tony Ferreira
|
|
Batting: RHB Josh Hopp
|
0-0: Ball 1-0: Called Strike 1-1: Called Strike 1-2: Ball 2-2: Strikes out swinging
|
|
Batting: RHB Robbie Gomez
|
0-0: Called Strike 0-1: Ball 1-1: Foul Ball, location: 2F 1-2: Ground out 6-3 (Groundball, 6S, EV 84.4 MPH)
|
|
Batting: RHB Kinzo Yokoyama
|
0-0: Ball 1-0: Ball 2-0: Swinging Strike 2-1: Ball 3-1: Base on Balls
|
|
Batting: LHB Ian Cranton
|
0-0: Ball 1-0: Foul Ball, location: 2F 1-1: Ball 2-1: Foul Ball, location: 2F 2-2: Fly out, F9 (Flyball, 89D, EV 101.2 MPH)
|
| Top of the 3rd over - 0 runs, 0 hits, 0 errors, 1 left on base; Oklahoma State University 0 - Washington State University 1 |
| BOTTOM OF THE 3RD |
|
Washington State University Cougars batting - Pitching for Oklahoma State University Cowboys : LHP Adam Clarke
|
|
Batting: RHB Gebre-Giorgios Wangondu
|
0-0: Ball 1-0: Called Strike 1-1: Foul Ball, location: 2F 1-2: Fly out, F9 (Flyball, 9S, EV 90.0 MPH)
|
|
Batting: RHB Makoto Narita
|
0-0: Ball 1-0: Ball 2-0: Ball 3-0: Base on Balls
|
|
Batting: SHB Salvador Padilla
|
0-0: Fly out, F9 (Line Drive, 9, EV 96.9 MPH)
|
|
Batting: LHB Josh Aerni
|
0-0: Called Strike 0-1: Ball 1-1: Ball 2-1: Ball 3-1: Foul Ball, location: 2F 3-2: Foul Ball, location: 2F 3-2: Base on Balls Makoto Narita to second
|
|
Batting: RHB Melvin Durland
|
0-0: Ball 1-0: Ball 2-0: Called Strike 2-1: Called Strike 2-2: Foul Ball, location: 2F 2-2: SINGLE (Groundball, 34D, EV 103.8 MPH) Makoto Narita to third Josh Aerni to second Runner from 3rd tries for Home, SAFE, throw by RF to home
|
|
Batting: RHB Alex Koral
|
0-0: Fly out, F8 (Flyball, 78M, EV 82.5 MPH)
|
| Bottom of the 3rd over - 1 run, 1 hit, 0 errors, 2 left on base; Oklahoma State University 0 - Washington State University 2 |
| TOP OF THE 4TH |
|
Oklahoma State University Cowboys batting - Pitching for Washington State University Cougars : RHP Tony Ferreira
|
|
Batting: RHB Wiliama Dana
|
0-0: Ball 1-0: Ball 2-0: Called Strike 2-1: Swinging Strike 2-2: Fly out, F8 (Line Drive, 8RD, EV 111.2 MPH)
|
|
Batting: LHB Orlando Rivera
|
0-0: Ball 1-0: Ball 2-0: Called Strike 2-1: Ball 3-1: Swinging Strike 3-2: Foul Ball, location: 2F 3-2: Base on Balls
|
|
Batting: RHB Steve Hutchins
|
0-0: Ball 1-0: Called Strike Orlando Rivera is caught stealing 2nd base 2-4 1-1: Fly out, F8 (Flyball, 8RS, EV 84.4 MPH)
|
| Top of the 4th over - 0 runs, 0 hits, 0 errors, 0 left on base; Oklahoma State University 0 - Washington State University 2 |
| BOTTOM OF THE 4TH |
|
Washington State University Cougars batting - Pitching for Oklahoma State University Cowboys : LHP Adam Clarke
|
|
Batting: SHB Steve DeRienzo
|
0-0: Called Strike 0-1: Ball 1-1: Foul Ball, location: 2F 1-2: Strikes out swinging
|
|
Batting: RHB Johnny Lowe
|
0-0: Foul Ball, location: 2F 0-1: Ball 1-1: Foul Ball, location: 2F 1-2: Strikes out looking
|
|
Batting: RHB Connell Boyle Jr.
|
0-0: Swinging Strike 0-1: Ball 1-1: Foul Ball, location: 2F 1-2: Fly out, F9 (Flyball, 9D, EV 90.6 MPH)
|
| Bottom of the 4th over - 0 runs, 0 hits, 0 errors, 0 left on base; Oklahoma State University 0 - Washington State University 2 |
| TOP OF THE 5TH |
|
Oklahoma State University Cowboys batting - Pitching for Washington State University Cougars : RHP Tony Ferreira
|
|
Batting: SHB Chris Wagler
|
0-0: SINGLE (Groundball, 4M, EV 104.4 MPH)
|
|
Batting: SHB Tyler Maddux
|
0-0: Ball 1-0: Fielders Choice at 2nd, 4-6 (Groundball, 4, EV 83.1 MPH)
|
|
Batting: RHB Josh Hopp
|
0-0: Called Strike 0-1: Ball 1-1: DOUBLE (Groundball, 5L, EV 96.9 MPH) Tyler Maddux to third
|
|
Batting: RHB Robbie Gomez
|
0-0: Ball 1-0: Foul Ball, location: 2F 1-1: Swinging Strike 1-2: Foul Ball, location: 2F 1-2: Fly out, F7 (Flyball, 7S, EV 88.8 MPH)
|
|
Pitching: RHP Juan Luna
|
|
|
Batting: RHB Kinzo Yokoyama
|
0-0: Ball 1-0: Ball 2-0: Ball 3-0: Called Strike 3-1: Ground out 5-3 (Groundball, 56S, EV 83.8 MPH)
|
| Top of the 5th over - 0 runs, 2 hits, 0 errors, 2 left on base; Oklahoma State University 0 - Washington State University 2 |
| BOTTOM OF THE 5TH |
|
Washington State University Cougars batting - Pitching for Oklahoma State University Cowboys : LHP Adam Clarke
|
|
Batting: RHB Gebre-Giorgios Wangondu
|
0-0: Swinging Strike 0-1: Ground out 4-3 (Groundball, 4, EV 80.0 MPH)
|
|
Batting: RHB Makoto Narita
|
0-0: Foul Ball, location: 2F 0-1: Ball 1-1: Ball 2-1: Foul Ball, location: 2F 2-2: Ground out 5-3 (Groundball, 56, EV 83.8 MPH)
|
|
Batting: SHB Salvador Padilla
|
0-0: Swinging Strike 0-1: Swinging Strike 0-2: Foul Ball, location: 2F 0-2: Ball 1-2: Ball 2-2: Foul Ball, location: 2F 2-2: Ground out 6-3 (Groundball, 56D, EV 104.4 MPH)
|
| Bottom of the 5th over - 0 runs, 0 hits, 0 errors, 0 left on base; Oklahoma State University 0 - Washington State University 2 |
| TOP OF THE 6TH |
|
Oklahoma State University Cowboys batting - Pitching for Washington State University Cougars : RHP Juan Luna
|
|
Batting: LHB Ian Cranton
|
0-0: Ball 1-0: Foul Ball, location: 2F 1-1: Called Strike 1-2: Strikes out looking
|
|
Batting: RHB Wiliama Dana
|
0-0: Ball 1-0: Foul Ball, location: 2F 1-1: Ball 2-1: Ball 3-1: Base on Balls
|
|
Batting: LHB Orlando Rivera
|
0-0: Ball Wiliama Dana steals 2nd base 1-0: Ball 2-0: Ball 3-0: Called Strike 3-1: Swinging Strike 3-2: Foul Ball, location: 2F 3-2: Fly out, F8 (Line Drive, 8RM, EV 108.1 MPH)
|
|
Batting: RHB Steve Hutchins
|
0-0: Foul Ball, location: 2F 0-1: Ball 1-1: SINGLE (Line Drive, 34D, EV 103.8 MPH) Wiliama Dana to third Runner from 3rd tries for Home, SAFE, throw by RF to home
|
|
Batting: SHB Chris Wagler
|
0-0: Ball 1-0: Fly out, F4 (Flyball, 34D, EV 85.0 MPH)
|
| Top of the 6th over - 1 run, 1 hit, 0 errors, 1 left on base; Oklahoma State University 1 - Washington State University 2 |
| BOTTOM OF THE 6TH |
|
Washington State University Cougars batting - Pitching for Oklahoma State University Cowboys : LHP Adam Clarke
|
|
Pitching: RHP Randy Nelligan
|
|
|
Batting: LHB Josh Aerni
|
0-0: Fly out, F8 (Flyball, 78D, EV 93.1 MPH)
|
|
Batting: RHB Melvin Durland
|
0-0: Ball 1-0: Ground out 5-3 (Groundball, 56D, EV 111.9 MPH)
|
|
Batting: RHB Alex Koral
|
0-0: Swinging Strike 0-1: Ground out 6-3 (Groundball, 6, EV 86.9 MPH)
|
| Bottom of the 6th over - 0 runs, 0 hits, 0 errors, 0 left on base; Oklahoma State University 1 - Washington State University 2 |
| TOP OF THE 7TH |
|
Oklahoma State University Cowboys batting - Pitching for Washington State University Cougars : RHP Juan Luna
|
|
Pitching: RHP J.J. Maetzold
|
|
|
Batting: SHB Tyler Maddux
|
0-0: Ball 1-0: Foul Ball, location: 2F 1-1: Ball 2-1: Swinging Strike 2-2: Strikes out looking
|
|
Batting: RHB Josh Hopp
|
0-0: Called Strike 0-1: Ground out 6-3 (Groundball, 6, EV 83.1 MPH)
|
|
Batting: RHB Robbie Gomez
|
0-0: Fly out, F3 (Popup, 3SF, EV 70.0 MPH)
|
| Top of the 7th over - 0 runs, 0 hits, 0 errors, 0 left on base; Oklahoma State University 1 - Washington State University 2 |
| BOTTOM OF THE 7TH |
|
Washington State University Cougars batting - Pitching for Oklahoma State University Cowboys : RHP Randy Nelligan
|
|
Batting: SHB Steve DeRienzo
|
0-0: Called Strike 0-1: Ball 1-1: Foul Ball, location: 2F 1-2: Fly out, F7 (Flyball, 7S, EV 82.5 MPH)
|
|
Batting: RHB Johnny Lowe
|
0-0: Swinging Strike 0-1: SINGLE (Groundball, 13, EV 88.1 MPH) (infield hit)
|
|
Batting: RHB Connell Boyle Jr.
|
0-0: Ball 1-0: Ball 2-0: Foul Ball, location: 2F 2-1: Swinging Strike 2-2: Foul Ball, location: 2F 2-2: Ball 3-2: Foul Ball, location: 2F 3-2: Base on Balls Johnny Lowe to second
|
|
Batting: RHB Gebre-Giorgios Wangondu
|
0-0: Ball 1-0: Ball 2-0: Swinging Strike 2-1: Called Strike 2-2: Ball 3-2: Strikes out swinging
|
|
Batting: RHB Makoto Narita
|
0-0: Ball 1-0: Foul Ball, location: 2F 1-1: Called Strike 1-2: Foul Ball, location: 2F 1-2: Hit by Pitch Johnny Lowe to third Connell Boyle Jr. to second
|
|
Pitching: RHP Roberto Lamadrid
|
|
|
Batting: SHB Salvador Padilla
|
0-0: Ball 1-0: Fielders Choice at 2nd, 5-4 (Groundball, 5, EV 90.6 MPH)
|
| Bottom of the 7th over - 0 runs, 1 hit, 0 errors, 3 left on base; Oklahoma State University 1 - Washington State University 2 |
| TOP OF THE 8TH |
|
Oklahoma State University Cowboys batting - Pitching for Washington State University Cougars : RHP J.J. Maetzold
|
|
Pitching: RHP Jordan Wyatt
|
|
|
Batting: RHB Kinzo Yokoyama
|
0-0: Ball 1-0: Called Strike 1-1: Ball 2-1: SINGLE (Flyball, 8RS, EV 95.0 MPH)
|
|
Batting: LHB Ian Cranton
|
0-0: Called Strike 0-1: Ball 1-1: Ball 2-1: Swinging Strike 2-2: Strikes out swinging
|
|
Pinch Hitting: LHB John Fortin
|
0-0: Called Strike 0-1: Foul Ball, location: 2F 0-2: Strikes out swinging
|
|
Batting: LHB Orlando Rivera
|
0-0: Ball 1-0: Ball 2-0: Called Strike 2-1: Swinging Strike 2-2: Strikes out swinging
|
| Top of the 8th over - 0 runs, 1 hit, 0 errors, 1 left on base; Oklahoma State University 1 - Washington State University 2 |
| BOTTOM OF THE 8TH |
|
Washington State University Cougars batting - Pitching for Oklahoma State University Cowboys : RHP Roberto Lamadrid
|
|
Now at 2B: Tyler Maddux
|
|
|
Now at 3B: Chris Wagler
|
|
|
Now at SS: Larry Clark
|
|
|
Batting: LHB Josh Aerni
|
0-0: Called Strike 0-1: Ball 1-1: Foul Ball, location: 2F 1-2: Ball 2-2: Ball 3-2: Base on Balls
|
|
Batting: RHB Melvin Durland
|
0-0: Ball 1-0: Foul Ball, location: 2F 1-1: Ball 2-1: Fly out, F8 (Flyball, 8RS, EV 77.5 MPH)
|
|
Batting: RHB Alex Koral
|
0-0: Foul Ball, location: 2F 0-1: Ball 1-1: Grounds into double play, 3-6-3 (Groundball, 3, EV 86.2 MPH)
|
| Bottom of the 8th over - 0 runs, 0 hits, 0 errors, 0 left on base; Oklahoma State University 1 - Washington State University 2 |
| TOP OF THE 9TH |
|
Oklahoma State University Cowboys batting - Pitching for Washington State University Cougars : RHP Jordan Wyatt
|
|
Pitching: RHP Gorgonio Sigua
|
|
|
Now at 1B: David Martin
|
|
|
Now at 3B: Sam Callahan
|
|
|
Batting: RHB Steve Hutchins
|
0-0: SINGLE (Line Drive, 89D, EV 110.0 MPH)
|
|
Batting: SHB Chris Wagler
|
0-0: Called Strike 0-1: Swinging Strike 0-2: Foul Ball, location: 2F 0-2: Hit by Pitch Steve Hutchins to second
|
|
Batting: SHB Tyler Maddux
|
0-0: Fielders Choice at 2nd, 4-6 (Groundball, 34D, EV 88.8 MPH) Steve Hutchins to third
|
|
Batting: RHB Josh Hopp
|
0-0: Ball 1-0: Called Strike 1-1: Ball 2-1: Foul Ball, location: 2F 2-2: Ball 3-2: Fielders Choice at 2nd, 6-4 (Groundball, 6, EV 86.9 MPH) Steve Hutchins scores
|
|
Batting: RHB Robbie Gomez
|
0-0: Ball 1-0: Fly out, F8 (Flyball, 8LD, EV 80.0 MPH)
|
| Top of the 9th over - 1 run, 1 hit, 0 errors, 1 left on base; Oklahoma State University 2 - Washington State University 2 |
| BOTTOM OF THE 9TH |
|
Washington State University Cougars batting - Pitching for Oklahoma State University Cowboys : RHP Roberto Lamadrid
|
|
Batting: SHB Steve DeRienzo
|
0-0: Ball 1-0: Ball 2-0: Foul Ball, location: 2F 2-1: Swinging Strike 2-2: Foul Ball, location: 2F 2-2: Strikes out swinging
|
|
Batting: RHB Johnny Lowe
|
0-0: Called Strike 0-1: Ball 1-1: Called Strike 1-2: Foul Ball, location: 2F 1-2: Ball 2-2: Ground out 6-3 (Groundball, 56, EV 104.4 MPH)
|
|
Pinch Hitting: RHB Larry Martell
|
0-0: SOLO HOME RUN (Flyball, 78XD, EV 112.5 MPH), Distance : 454 ft
|
| Bottom of the 9th over - 1 run, 1 hit, 0 errors, 0 left on base; Oklahoma State University 2 - Washington State University 3 |
| |
|
Game Over ... Washington State University defeats Oklahoma State University, 3 to 2
|
|
|